 Dungeon Crawl Stone Soup version 0.31-a0-1074-g0b22e4e0f1 (webtiles) character file.

Game seed: 15151986564389045607

50 bmb222 the Trooper (level 3, -9/42 HPs)
             Began as an Ogre Delver on Dec 1, 2023.
             Was an Initiate of Ashenzari.
             Shot with an arrow by a centaur (15 damage)
             ... on level 3 of the Dungeon.
             The game lasted 00:01:51 (760 turns).

bmb222 the Trooper (Ogre Delver)                     Turns: 760, Time: 00:01:51

Health: -9/42      AC:  3    Str: 18    XL:     3   Next: 79%
Magic:  3/3        EV:  9    Int: 11    God:    Ashenzari [......]
Gold:   83         SH:  0    Dex: 10    Spells: 2/2 levels left

rFire   . . .        a - +0 mace
rCold   . . .        (no shield)
rNeg    . . .        b - +0 robe
rPois   .            (helmet restricted)
rElec   .            (no cloak)
rCorr   .            (gloves unavailable)
SInv    .            (boots unavailable)
Will    .....        (no amulet)
Stlth   ++           (no ring)
HPRegen 0.27/turn    (no ring)
MPRegen 0.08/turn

%: no passive effects
@: hasted, very quick
A: large, unfitting armour, tough skin 1
a: Renounce Religion


You were on level 3 of the Dungeon.
You worshipped Ashenzari.
Ashenzari was noncommittal.
You visited 2 branches of the dungeon, and saw 4 of its levels.

You collected 83 gold pieces.

Inventory:

Hand Weapons
 a - a +0 mace (weapon)
Missiles
 o - 5 javelins (quivered)
Armour
 b - a +0 robe (worn)
Wands
 g - a wand of digging (3)
Scrolls
 c - a scroll of fog
 d - a scroll of revelation
 e - a scroll of fear
 j - a scroll of vulnerability {unknown}
 k - a scroll of torment {unknown}
 l - 2 scrolls of teleportation {unknown}
 n - a scroll of identify {unknown}
 r - a scroll of silence {unknown}
Potions
 h - 2 potions of mutation {unknown}
 i - a potion of berserk rage {unknown}
 m - a potion of enlightenment {unknown}
 p - a potion of degeneration {unknown}
 q - a potion of heal wounds {unknown}


   Skills:
 * Level 5.2 Fighting
 * Level 2.8 Maces & Flails
 - Level 1.7 Dodging
 - Level 3.7 Stealth


You had 2 spell levels left.
You didn't know any spells.
Your spell library contained the following spells:

 Spells                   Type           Power      Damage    Failure   Level
 Cigotuvi's Dreadful Rot  Necr/Pois/Air  0%         N/A       47%         2
 Dispel Undead            Necr           0%         3d6       98%         4
 Death Channel            Necr           0%         N/A       100%        6


Dungeon Overview and Level Annotations

Branches:
Dungeon (5/15)             Temple (1/1) D:4

Altars:
Ashenzari
Cheibriados
Dithmenos
Elyvilon
Gozag
Hepliaklqana
Qazlal
Ru
Uskayaw
Vehumet
Yredelemnul
Zin

Annotations:
D:5 Ijyb


Innate Abilities, Weirdness & Mutations

You are too large for most types of armour.
You have tough skin. (AC +1)


Message History

There is a stone staircase leading down here.
r - a scroll labelled RILOCI PIDGHI
Found an escape hatch in the ceiling.
There is an escape hatch in the ceiling here.
You now have 77 gold pieces (gained 13).
You now have 83 gold pieces (gained 6).
Found a stone staircase leading up.
There is a stone staircase leading up here.
You climb upwards.
Found a scroll labelled DIPHOU ESUICED and a pair of boots.
There is a stone staircase leading down here.
A bat comes into view.
The helpless hobgoblin fails to defend itself.
You sock the hobgoblin!
You kill the hobgoblin!
The bat completely misses you. The bat closely misses you.
A centaur comes into view.
The bat barely misses you.
You completely miss the bat.
The centaur shouts!
The bat hits you.
The centaur wields a +0 orcbow.
The centaur shoots an arrow.
The arrow hits you.
The bat hits you but does no damage. x2; The centaur shoots an arrow.
The arrow misses you.
The centaur shoots an arrow.
The arrow hits you! The bat closely misses you.
The bat hits you but does no damage.
The centaur shoots an arrow.
The arrow hits you.
You miss the bat.
The bat barely misses you. x2; The bat hits you.
The centaur shoots an arrow.
The arrow hits you!
* * * LOW HITPOINT WARNING * * *
The bat closely misses you.
You feel yourself speed up. The bat hits you.
* * * LOW HITPOINT WARNING * * *
The centaur shoots an arrow.
The arrow hits you.
* * * LOW HITPOINT WARNING * * *
The centaur shoots an arrow.
The arrow misses you. The bat hits you but does no damage.
The bat barely misses you.
The centaur shoots an arrow.
The arrow hits you!
You die...

.. ...# .[#...# #
##.#...# #.
.....?
###.##....#
.#.........#
..........# #.#
#.>.# ..
###@#####.#
#.##.#.........#
#......#.#######
..........c.c...#
....###.#b#######
... ...#.# ##
#####.# #.. #.#


You could see a centaur and a bat.

Vanquished Creatures
  An iguana (D:4)
  2 adders (D:4)
  A giant cockroach (D:4)
  A goblin (D:4)
  A hobgoblin (D:3)
  2 quokkas (D:4)
8 creatures vanquished.

Notes
Turn   | Place    | Note
-------+----------+-------------------------------------------
     0 | D:5      | bmb222 the Ogre Delver began the quest for the Orb.
     0 | D:5      | Reached XP level 1. HP: 24/24 MP: 1/1
    18 | D:5      | Noticed Ijyb
    38 | D:5      | Noticed an iguana
   202 | D:4      | Reached XP level 2. HP: 21/33 MP: 2/2
   300 | D:4      | Reached skill level 5 in Fighting
   300 | D:4      | Reached XP level 3. HP: 7/42 MP: 3/3
   527 | D:4      | Found a staircase to the Ecumenical Temple.
   541 | Temple   | Entered the Ecumenical Temple
   548 | Temple   | Became a worshipper of Ashenzari the Shackled
   751 | D:3      | Noticed a centaur
   760 | D:3      | Shot with an arrow by a centaur

Illustrated notes

Levels and vault maps discovered:
D:3:      layout_basic, mainiacjoe_overflow_24_doors, uniq_crazy_yiuf_cottage,
          uniq_terence, uniq_jessica
D:4:      layout_basic, minmay_temple_entry_junction,
          hangedman_decor_peaks_small
D:5:      layout_cave_pools, minitemple, lemuel_crystal_altar,
          fedhas_altar_fruit_tree, serial_shops, nicolae_shop_hallway_stairs,
          serial_bayou_crossing, uniq_blork_the_orc, uniq_ijyb, uniq_sigmund
Temple:   nicolae_temple_ecumenical_triangle

Skill      XL: |  1  2 |
---------------+-------+-----
Maces & Flails | 2 |  2.8
Fighting       | 5 |  5.2
Dodging        | |  1.7
Stealth        | |  3.7

Action                     || total
---------------------------++-------
  Melee: Mace              ||    31
         Punch             ||     1
    Use: Potion            ||     1
   Stab: Sleeping          ||     3
 Armour: Robe              ||    37
  Dodge: Dodged            ||    22

Table legend: (Time is in decaauts)
 A = Elapsed time spent in this place.
 B = Non-inter-level travel time spent in this place.
 C = Inter-level travel time spent in this place.
 D = Time resting spent in this place.
 E = Time spent auto-exploring this place.
 F = Levels seen in this place.
 G = Mean time per level.
                   A        B        C        D        E       F      G
               +--------+--------+--------+--------+--------+-----+--------+
         Total |    768 |    704 |     64 |     16 |    470 |   4 |  192.0 |
       Dungeon |    754 |    690 |     64 |     16 |    470 |   3 |  251.3 |
        Temple |     13 |     13 |      0 |      0 |      0 |   1 |   13.0 |
               +--------+--------+--------+--------+--------+-----+--------+

Top non-repeatable levels by time:
     D:4: 699 daAuts
     D:5: 41 daAuts
     D:3: 14 daAuts
  Temple: 13 daAuts
